 Dungeon Crawl Stone Soup version 0.22-a0-525-gf69a080 (console) character file.

622725 stickyfingers the Master Archer (level 27, -3/128 HPs)
             Began as a Deep Elf Gladiator on June 19, 2018.
             Slain by a purple draconian
             ... wielding a +0 hand axe
              (9 damage)
             ... on level 4 of the Realm of Zot on June 20, 2018.
             The game lasted 08:10:44 (137128 turns).

stickyfingers the Master Archer (DEGl)            Turns: 137128, Time: 08:10:45

Health: -3/128     AC: 25    Str: 23      XL:     27
Magic:  0/42       EV: 13    Int: 15 (16) God:
Gold:   1163       SH:  0    Dex: 15 (16) Spells: 26/26 levels left

rFire    + . .     SeeInvis .   d - +5 demon blade (flame)
rCold    + . .     Gourm    .   (no shield)
rNeg     + + .     Faith    .   N - +9 plate armour {MR+}
rPois    .         Spirit   +   n - +2 hat of the Bear Spirit {Spirit, +Rage rN+ MR++}
rElec    .         Reflect  .   S - scarf {rC+ rF+}
rCorr    +         Harm     .   X - +2 pair of gloves
MR       +++++                  l - +0 pair of boots {run}
Stlth    +++++.....             Y - amulet "Soaroqy" {Acrobat rN+ Str+3}
HPRegen  0.31/turn              q - ring of resist corrosion
MPRegen  0.28/turn              V - +5 ring of evasion {=R}

@: hasted and slowed, quick
A: dopey 1
}: 3/15 runes: decaying, silver, gossamer
a: Evoke Berserk Rage


You were on level 4 of the Realm of Zot.
You were not hungry.

You visited 12 branches of the dungeon, and saw 53 of its levels.
You visited the Abyss 1 time.
You also visited: Ice Cave and Desolation.

You collected 9010 gold pieces.
You spent 7847 gold pieces at shops.

Inventory:

Hand Weapons
 a - a +9 longbow of electrocution
   (You found it on level 13 of the Dungeon)
 b - a +2 dagger of speed
   (You took it off an orc sorcerer on level 13 of the Dungeon)
 c - a +0 blowgun
   (You found it on level 14 of the Dungeon)
 d - a +5 demon blade of flaming (weapon)
   (You took it off a hell knight on level 4 of the Depths)
Missiles
 m - 91 arrows
 r - 6 throwing nets
 z - 10 curare-tipped needles
Armour
 l - a +0 pair of boots of running (worn)
   (You acquired it on level 4 of the Depths)
 n - the +2 hat of the Bear Spirit (worn) {Spirit, +Rage rN+ MR++}
   (You found it on level 1 of the Depths)

   It protects you from negative energy.
   It affects your resistance to hostile enchantments.
   It lets you go berserk.
 N - a +9 plate armour of magic resistance (worn)
   (You found it on level 5 of the Lair of Beasts)
 S - a scarf of resistance (worn)
   (You found it on level 8 of the Dungeon)
 X - a +2 pair of gloves (worn)
   (You found it on level 3 of the Crypt)
Jewellery
 h - the ring "Aleurup" {+Inv rF+ rN+ Str+4}
   (You took it off a deep elf mage on level 3 of the Elven Halls)

   [ring of protection from fire]

   It affects your strength (+4).
   It protects you from fire.
   It protects you from negative energy.
   It lets you turn invisible.
 o - the ring of Cearett {-Tele rElec rC+ Str+3 SInv}
   (You took it off a vault warden on level 5 of the Vaults)

   [ring of see invisible]

   It affects your strength (+3).
   It protects you from cold.
   It insulates you from electricity.
   It lets you see invisible.
   It prevents most forms of teleportation.
 q - a ring of resist corrosion (left hand)
   (You found it on level 2 of the Elven Halls)
 y - a +5 ring of evasion
   (You bought it in a shop on level 3 of the Vaults)
 E - an uncursed ring of flight
   (You took it off a deep elf annihilator on level 5 of the Vaults)
 F - an uncursed ring of poison resistance
   (You found it on level 1 of the Dungeon)
 H - the ring of Toaralol {+Blink Int+4}
   (You bought it in a shop on level 2 of the Orcish Mines)

   [ring of intelligence]

   It affects your intelligence (+4).
   It lets you blink.
 V - a +5 ring of evasion (right hand) {=R}
   (You found it on level 12 of the Dungeon)
 Y - the amulet "Soaroqy" (around neck) {Acrobat rN+ Str+3}
   (You took it off a deep elf high priest on level 3 of the Elven Halls)

   [amulet of the acrobat]

   It helps you evade while moving and waiting.
   It affects your strength (+3).
   It protects you from negative energy.
Wands
 j - a wand of acid (33)
   (You found it on level 3 of the Crypt)
 k - a wand of clouds (2)
   (You found it on level 15 of the Dungeon)
 B - a wand of iceblast (63)
   (You found it on level 10 of the Dungeon)
 K - a wand of digging (27)
   (You found it on level 4 of the Dungeon)
 P - a wand of polymorph (44)
   (You took it off a yaktaur on level 4 of the Vaults)
 R - a wand of paralysis (44)
   (You bought it in a shop on level 4 of the Depths)
Scrolls
 e - 15 scrolls of identify
 s - 4 scrolls of silence
 t - 5 scrolls of teleportation
 A - a scroll of summoning
 D - a scroll of magic mapping
 O - 9 scrolls of fog
 U - a scroll of blinking {blink}
 Z - a scroll of fear
Potions
 i - 6 potions of curing
 w - 7 potions of ambrosia
 x - 9 potions of might
 C - 7 potions of haste
 G - 8 potions of cancellation
 L - 9 potions of mutation
 M - 9 potions of agility
 W - 5 potions of resistance
Miscellaneous
 g - a lamp of fire
   (You found it on level 4 of the Vaults)
 p - the horn of Geryon
   (You took it off Geryon in the Vestibule of Hell)
 u - a phial of floods
   (You found it on level 3 of the Lair of Beasts)
 v - 6 boxes of beasts
 J - 6 sacks of spiders
 Q - a fan of gales
   (You found it on level 5 of the Lair of Beasts)
 T - 3 phantom mirrors
Comestibles
 f - 57 rations
 I - 4 chunks of flesh


   Skills:
 - Level 1.5 Fighting
 - Level 14.0(15.4) Short Blades
 + Level 10.6(13.2) Long Blades
 O Level 27 Bows
 - Level 13.5 Throwing
 - Level 3.6 Dodging
 O Level 27 Stealth
 O Level 27 Evocations


You had 26 spell levels left.
You didn't know any spells.
Your spell library contained the following spells:

 Spells                   Type           Power        Failure   Level  Hunger
 Cause Fear               Hex            #.........   100%        4    #####..
 Magic Dart               Conj           #...         100%        1    ##.....
 Fireball                 Conj/Fire      #.........   100%        5    ######.
 Apportation              Tloc           #.....       100%        1    ##.....
 Conjure Flame            Conj/Fire      #.......     100%        3    ####...
 Bolt of Fire             Conj/Fire      #.........   100%        6    #######
 Bolt of Magma            Conj/Fire/Erth #.........   100%        5    ######.
 Slow                     Hex            #.......     100%        2    ###....
 Confuse                  Hex            #.......     100%        3    ####...
 Invisibility             Hex            #.......     100%        6    #######
 Controlled Blink         Tloc           N/A          100%        8    #######
 Mephitic Cloud           Conj/Pois/Air  #.......     100%        3    ####...
 Ring of Flames           Chrm/Fire      #.........   100%        7    #######
 Teleport Other           Tloc           #.......     100%        3    ####...
 Bolt of Draining         Conj/Necr      #.........   100%        5    ######.
 Lehudib's Crystal Spear  Conj/Erth      #.........   100%        8    #######
 Fire Storm               Conj/Fire      #.........   100%        9    #######
 Blink                    Tloc           N/A          100%        2    ###....
 Iskenderun's Mystic Bla  Conj           #.......     100%        4    #####..
 Animate Dead             Necr           N/A          100%        4    #####..
 Pain                     Necr           #...         100%        1    ##.....
 Animate Skeleton         Necr           N/A          100%        1    ##.....
 Vampiric Draining        Necr           #.........   100%        3    ####...
 Haunt                    Necr/Summ      #.........   100%        7    #######
 Summon Ice Beast         Ice/Summ       #.......     100%        4    #####..
 Call Imp                 Summ           #.......     100%        2    ###....
 Dispel Undead            Necr           #.......     100%        5    ######.
 Poison Arrow             Conj/Pois      #.........   100%        6    #######
 Regeneration             Chrm/Necr      #.........   100%        3    ####...
 Tukima's Dance           Hex            #.......     100%        3    ####...
 Corpse Rot               Necr           N/A          100%        2    ###....
 Iron Shot                Conj/Erth      #.........   100%        6    #######
 Stone Arrow              Conj/Erth      #.....       100%        3    ####...
 Swiftness                Chrm/Air       #.......     100%        2    ###....
 Recall                   Summ/Tloc      N/A          100%        3    ####...
 Spider Form              Tmut/Pois      #.........   100%        3    ####...
 Blade Hands              Tmut           #.........   100%        5    ######.
 Statue Form              Tmut/Erth      #........    100%        6    #######
 Ice Form                 Ice/Tmut       #.......     100%        4    #####..
 Dragon Form              Tmut           #.........   100%        7    #######
 Death Channel            Necr           #.........   100%        6    #######
 Deflect Missiles         Chrm/Air       #.........   100%        6    #######
 Glaciate                 Conj/Ice       #.........   100%        9    #######
 Shadow Creatures         Summ           N/A          100%        6    #######
 Confusing Touch          Hex            #.....       100%        1    ##.....
 Flame Tongue             Conj/Fire      #....        100%        1    ##.....
 Ignite Poison            Fire/Tmut/Pois #.......     100%        3    ####...
 Sticks to Snakes         Tmut           #.......     100%        2    ###....
 Call Canine Familiar     Summ           #.......     100%        3    ####...
 Ensorcelled Hibernation  Hex/Ice        #.....       100%        2    ###....
 Metabolic Englaciation   Hex/Ice        #.........   100%        5    ######.
 Summon Butterflies       Summ           #.......     100%        1    ##.....
 Silence                  Hex/Air        #.........   100%        5    ######.
 Shatter                  Erth           #.........   100%        9    #######
 Dispersal                Tloc           #.........   100%        6    #######
 Corona                   Hex            #......      100%        1    ##.....
 Alistair's Intoxication  Tmut/Pois      #.......     100%        5    ######.
 Simulacrum               Ice/Necr       #.........   100%        6    #######
 Conjure Ball Lightning   Conj/Air       #.........   100%        6    #######
 Chain Lightning          Conj/Air       #.........   100%        8    #######
 Excruciating Wounds      Chrm/Necr      #.........   100%        5    ######.
 Petrify                  Tmut/Erth      #.......     100%        4    #####..
 Passage of Golubria      Tloc           N/A          100%        4    #####..
 Tornado                  Air            #.........   100%        9    #######
 Leda's Liquefaction      Hex/Erth       #.........   100%        4    #####..
 Summon Hydra             Summ           #.........   100%        7    #######
 Darkness                 Hex            #.........   100%        6    #######
 Shroud of Golubria       Chrm/Tloc      #.........   100%        2    ###....
 Beastly Appendage        Tmut           #.....       100%        1    ##.....
 Fulminant Prism          Conj/Hex       #.........   100%        4    #####..
 Dazzling Spray           Conj/Hex       #.....       100%        3    ####...
 Force Lance              Conj/Tloc      #.......     100%        4    #####..
 Infusion                 Chrm           #...         100%        1    ##.....
 Song of Slaying          Chrm           #.......     100%        2    ###....
 Spectral Weapon          Hex/Chrm       #.......     100%        3    ####...
 Searing Ray              Conj           #.....       100%        2    ###....
 Summon Forest            Summ/Tloc      #.........   100%        5    ######.
 Summon Lightning Spire   Summ/Air       #.......     100%        4    #####..
 Dragon's Call            Summ           #.........   100%        9    #######
 Summon Mana Viper        Hex/Summ       #.......     100%        5    ######.
 Hydra Form               Tmut           #.........   100%        6    #######
 Irradiate                Conj/Tmut      #.........   100%        5    ######.
 Gell's Gravitas          Tloc           #.........   100%        3    ####...
 Yara's Violent Unravell  Hex/Tmut       #.........   100%        5    ######.
 Lesser Beckoning         Tloc           #.........   100%        3    ####...
 Ignition                 Fire           #.........   100%        8    #######
 Borgnjor's Vile Clutch   Necr/Erth      #.........   100%        5    ######.


Dungeon Overview and Level Annotations

Branches:
Dungeon (15/15)            Temple (0/1) D:4            Lair (6/6) D:9
  Swamp (4/4) Lair:2       Spider (4/4) Lair:2        Slime (0/5) Lair:6
    Orc (2/2) D:9             Elf (3/3) Orc:2        Vaults (5/5) D:14
  Crypt (3/3) Vaults:2       Tomb (1/3) Crypt:3      Depths (5/5) D:15
   Hell (1/1)                 Dis (0/7) Hell            Geh (0/7) Hell
    Coc (0/7) Hell            Tar (0/7) Hell            Zot (4/5) Depths:5

Altars:
Ashenzari
Dithmenos
Elyvilon
Kikubaaqudgha
Makhleb
Okawaru
Qazlal
Ru
Sif Muna
Xom
Yredelemnul
The Shining One
Beogh
Jiyva

Shops:
Orc:2 *[(=   Elf:2 (*   Vaults:3 *((   Vaults:4 ?   Depths:4 =}}

Portals:
Hell: Depths:1 Depths:2 Depths:3 Depths:4 Depths:5
Abyss: Depths:4
Pandemonium: Depths:3 Depths:5
Ziggurat: Depths:2
Trove: Depths:2 (give +6 demon whip)

Annotations:
Elf:2 exclusion: door
Zot:3 3 runed doors, stickyfingers's ghost, master DEGl


Innate Abilities, Weirdness & Mutations

You are dopey. (Int -2)


Message History

The red draconian goes berserk!
The death cob hits you!! The death cob drains your vigour!
You feel yourself slow down. The moth of wrath closely misses you.
The black draconian scorcher hits you but does no damage.
The death cob hits you! The death cob drains your vigour!
You feel as though you will be slow longer.
The purple draconian shifter blinks!
The black draconian misses you.
You riposte.
You hit the black draconian. You burn the black draconian.
The black draconian is lightly wounded.
The white draconian stormcaller hits you but does no damage.
You climb downwards.
A death cob opens the door.
A death cob comes into view.
The death cob moves out of view.
There is a stone staircase leading up here.
Unknown command.
Evoke which item? (* to show all) (? for menu, Esc to quit)
Okay, then.
Unknown command.
Unknown command.
Okay, then.
Unknown command.
Press: ? - help, v - describe, . - travel
Here: a black draconian scorcher, wielding a rapier and wearing a cloak The floor.
Unknown command.
Press: ? - help, v - describe, . - travel
Here: a death cob (lightly damaged)
The floor.
Unknown command.
Unknown command.
Unknown command.
Okay, then.
Unknown command.
Okay, then.
Unknown command.
Unknown command.
Okay, then.
Unknown command.
Unknown command.
Your blink will be uncontrolled - continue anyway?
The Orb prevents control of your translocation!
You blink.
As you read the scroll of blinking {blink}, it crumbles to dust.
The purple draconian hits you with a hand axe!!
The black draconian misses you.
As you read the scroll of fear, it crumbles to dust.
You assume a fearsome visage.
The death cob is unaffected.
The red draconian resists with almost no effort.
The white draconian stormcaller easily resists.
The death cob is unaffected.
The moth of wrath looks frightened!
The black draconian resists with some effort.
The black draconian scorcher looks frightened!
The purple draconian misses you. The black draconian barely misses you.
You riposte.
You closely miss the black draconian.
The black draconian is lightly wounded.
The death cob barely misses you.
The white draconian stormcaller mumbles some strange prayers to Qazlal against you.
Qazlal smites you!
The purple draconian closely misses you.
You riposte.
You slash the purple draconian! You burn the purple draconian.
The purple draconian is lightly wounded.
The black draconian misses you. The death cob barely misses you.
As you read the scroll of summoning, it crumbles to dust.
Wisps of shadow whirl around you... The death cob barely misses you.
The death cob hits you. The death cob hits you!
The purple draconian hits you with a hand axe!
The purple draconian hits your curse toe with a hand axe!
The black draconian barely misses you. The death cob hits you!!
The death cob drains your vigour!
You feel as though you will be slow longer.
The death cob hits you. The death cob drains your vigour!
You feel as though you will be slow longer.
The purple draconian hits you but does no damage.
The purple draconian hits your curse toe but does no damage.
The black draconian hits you but does no damage.
The death cob hits you but does no damage.
Press: ? - help, v - describe, . - travel
Here: a black draconian, wielding a dire flail of crushing (berserk, fast, unusually strong)
The floor.
Unknown command.
Unknown command.
Unknown command.
Evoke which item? (* to show all) (? for menu, Esc to quit)
Okay, then.
Unknown command.
Unknown command.
You feel yourself speed up. The death cob completely misses you.
The death cob barely misses you. The death cob hits you!!
* * * LOW HITPOINT WARNING * * *
The death cob drains your vigour!
You feel as though you will be slow longer.
The death cob hits you!
* * * LOW HITPOINT WARNING * * *
The death cob drains your vigour!
You feel as though you will be slow longer.
The death cob hits you!
* * * LOW HITPOINT WARNING * * *
The death cob drains your vigour!
You feel as though you will be slow longer.
The purple draconian hits you with a hand axe!
You die...

,,,,,,,,,,,,,,*..........+,,,,,*
***,,,**,,,**,**,,,,*#...#*,,,**
***,,,**,,,*********##...##****
,,+,,,,,,,,,,,,,,,,,#.....#
,,*,,,,,,,,,,,,,,,,,#.....#
,,*,,,,,,,,,,,,,,,,,#.....#
,**,****,,,****,,,,,##...##
,************#########...##
,,,,,*,,,,,,,#y.d.........#
,,,,,*,,,,,,,#.zzdz<......#
,,,,,+,,,,,,,#..@d..q.....#
******,,,,,,,+..Dq..##...##
*,,,,,,,#......######
*,,,,,,,#(......#
*,,,,,**######'##
**********,,,..y*
*,,,,,,...#**** *,,,,,,,,##,,,**
*,,,,,,,,,,,,,,*
*,,,,,,,,,,,,,,*
*,,,,,,,,,,,,,,*


You could see a black draconian (berserk), a purple draconian (berserk), a red
draconian, 2 death cobs, a white draconian stormcaller, a black draconian
scorcher (fleeing), a moth of wrath (fleeing), a friendly shadow dragon, a
friendly curse toe and a friendly ghost moth (invisible).

Vanquished Creatures
  Mara (Depths:4)
  A juggernaut (Depths:5)
  2 ancient liches (Crypt:3)
  Boris (Vaults:4)
  Sojobo (Crypt:1)
  Xtahua (Depths:3)
  A caustic shrike (Depths:3)
  Geryon (Hell)
  6 golden dragons (Depths:2 Depths:5 Zot:1 Zot:2 Zot:3)
  A bone dragon (Crypt:3)
  The ghost of stickyfingers the Master Archer, a veteran DEGl (Depths:5)
  6 liches (Crypt:2 Crypt:3 Depths:2 Hell Depths:3)
  9 tentacled monstrosities (Hell Depths:3 Depths:4 Vaults:5 Zot:1)
  Asterion (Vaults:3)
  2 deep elf blademasters (Elf:3)
  2 deep elf master archers (Elf:3)
  5 titans (Depths:1 Vaults:5)
  2 tentacled starspawn (Abyss:2)
  Gastronok (D:11)
  2 quicksilver dragons (Depths:3 Vaults:5)
  2 thorn hunters (Swamp:3 Swamp:4)
  A draconian monk (Depths:5)
  4 death cobs (Zot:1 Zot:2 Zot:3)
  Kirke (D:14)
  6 ancient champions (Crypt:1 Crypt:2 Hell)
  10 shadow dragons (Depths:3 Depths:4 Vaults:5 Zot:1 Zot:2)
  5 sphinxes (Vaults:4 Depths:1 Depths:2 Vaults:5)
  8 tengu reavers (Vaults:4 Crypt:1 Depths:1 Depths:4 Depths:5)
  Roxanne (Swamp:3)
  11 storm dragons (Depths:3 Depths:4 Depths:5 Vaults:5 Zot:1)
  10 frost giants (IceCv Depths:1 Hell Depths:3 Depths:4)
  12 fire giants (Depths:2 Depths:3 Depths:4 Depths:5 Vaults:5)
  2 revenants (Crypt:1)
  Donald (Swamp:1)
  2 iron dragons (Depths:1 Depths:4)
  11 vault wardens (Vaults:1 Vaults:4 Vaults:5)
  3 draconian scorchers (Zot:3 Zot:2)
  5 ghost moths (Spider:4 Zot:1 Zot:2 Zot:3)
  A curse skull (Crypt:3)
  10 deep elf sorcerers (Elf:1 Vaults:2 Elf:3 Depths:3 Depths:5)
  Louise (Swamp:3)
  3 deep elf elementalists (Elf:3 Vaults:5)
  A fire giant (shapeshifter) (Vaults:5)
  2 balrugs (Hell)
  2 orc warlords (D:9 Orc:1)
  2 imperial myrmidons (Desolation)
  3 draconian shifters (Zot:1 Zot:3)
  7 emperor scorpions (Spider:2 Spider:3 Spider:4)
  3 juggernaut zombies (Crypt:2 Depths:3)
  Aizul (Vaults:1)
  3 reapers (Crypt:2 Hell)
  2 draconian stormcallers (Depths:5 Zot:1)
  A caustic shrike skeleton (D:15)
  8 spark wasps (Spider:4 Depths:1 Depths:2 Depths:3 Depths:4)
  7 war gargoyles (Crypt:3 Hell Vaults:5)
  3 draconian annihilators (Depths:3 Zot:1 Zot:3)
  20 very ugly things (Vaults:2 Vaults:3 Vaults:4 Depths:1 Depths:2)
  4 spriggan defenders (Depths:1 Depths:3 Depths:4)
  22 stone giants (Orc:1 Vaults:2 Vaults:3 Vaults:4 Depths:1)
  11 ironheart preservers (D:14 Vaults:2 Vaults:3 Vaults:4 Vaults:5)
  An entropy weaver (shapeshifter) (Depths:3)
  An ophan (Abyss:2)
  11 vampire knights (Crypt:1 Crypt:3 Depths:1 Depths:2 Depths:3)
  Azrael (Elf:1)
  5 entropy weavers (Spider:1 Vaults:3 Depths:3 Vaults:5)
  5 green draconians (Depths:5 Zot:1 Zot:2)
  9 deep elf demonologists (Elf:1 Elf:3 Depths:3 Depths:4)
  4 red draconians (Depths:5 Zot:2)
  The ghost of Xuyc the Grappler, a journeyman TrCK of Xom (D:11)
  3 black draconians (Zot:1 Zot:3 Zot:2)
  6 purple draconians (Depths:5 Zot:1 Zot:2)
  4 yellow draconians (Zot:1 Zot:3 Zot:2)
  A spark wasp (shapeshifter) (Depths:3)
  9 deep elf annihilators (Vaults:1 Elf:3 Depths:3 Vaults:5)
  17 ettins (Desolation Vaults:2 D:15 Depths:1 Depths:2)
  13 fire dragons (D:11 D:12 Depths:1 Depths:2 Depths:3)
  3 white draconians (Depths:5 Zot:3 Zot:2)
  A quicksilver dragon zombie (Depths:1)
  2 blizzard demons (Hell)
  6 eidola (Crypt:1 Crypt:2)
  11 deep elf death magi (Elf:2 Elf:3 Crypt:2 Depths:3)
  Snorg (D:14)
  A crystal guardian (Desolation)
  2 jiangshi (Crypt:3)
  19 yaktaur captains (Vaults:1 Vaults:2 Vaults:4 Depths:1 Depths:3)
  6 deep elf high priests (Elf:3 Depths:3 Depths:5 Vaults:5)
  Fannar (D:10)
  6 ragged hierophants (Desolation)
  32 vault guards (D:14 Vaults:4 Vaults:5)
  6 great orbs of eyes (Vaults:1 Vaults:3 Depths:2 Depths:3 Depths:5)
  18 ice dragons (Swamp:4 Vaults:2 Vaults:3 Depths:1 Depths:2)
  6 servants of whispers (Desolation)
  2 hell beasts (Depths:2 Depths:5)
  10 hydras (Lair:2 Lair:5 Lair:6 D:12 Swamp:1)
  4 peacekeepers (Desolation)
  5 spriggan air magi (Depths:3 Depths:4 Depths:5)
  8 rakshasas (D:14 Vaults:3 Depths:1 Depths:2 Depths:3)
  4 catoblepae (D:13 Depths:1)
  5 death knights (Vaults:2 Crypt:1 Crypt:2)
  8 ogre magi (D:15 Vaults:2 Vaults:3 Vaults:4 Depths:2)
  13 alligators (Lair:5 Swamp:1 Swamp:2 Swamp:3 Swamp:4)
  33 two-headed ogres (D:8 D:9 D:11 D:13 D:15)
  11 dancing weapons (Elf:1 Elf:2 Elf:3)
  8 centaur warriors (D:14 D:15 Vaults:2 Vaults:3 Depths:1)
  2 tengu warriors (D:15 Depths:4)
  16 deep troll shamans (Depths:1 Depths:2 Depths:3 Depths:4 Depths:5)
  9 deep troll earth magi (Vaults:1 Depths:1 Depths:2 Depths:3 Depths:4)
  15 vampire magi (Crypt:1 Crypt:3 Depths:1 Depths:2 Depths:3)
  2 orc high priests (Orc:1 Orc:2)
  A thrashing horror (Abyss:2)
  6 death yaks (Lair:3 Lair:2 Lair:6)
  4 soul eaters (Crypt:2 Hell Depths:1)
  9 deep elf knights (Elf:1 Vaults:1 Elf:2 Vaults:2 Vaults:3)
  10 spriggan berserkers (Depths:2 Depths:3 Depths:4 Depths:5)
  Nergalle (D:10)
  2 storm dragon zombies (Crypt:3)
  5 sun demons (Hell Depths:1 Depths:5)
  29 hell knights (Crypt:2 Crypt:3 Depths:4 Depths:5)
  3 iron golems (Hell)
  A wretched star (Abyss:2)
  A fire crab (IceCv)
  69 skeletal warriors (D:11 D:15 Vaults:2 Crypt:1 Crypt:2)
  3 iron trolls (Hell Depths:3 Depths:4)
  An unseen horror (D:15)
  2 shadow wraiths (Vaults:3 Abyss:2)
  A spark wasp zombie (Depths:3)
  5 glowing orange brains (D:13 Vaults:1 Depths:2 Depths:3)
  An unseen horror (shapeshifter) (Vaults:1)
  4 anaconda zombies (Abyss:2 Crypt:3 Hell)
  6 swamp dragons (Lair:2 Lair:5 Swamp:1 Swamp:2)
  7 flayed ghosts (Abyss:2 Crypt:1 Crypt:2 Depths:3 Depths:4)
  A lindwurm (shapeshifter) (Depths:3)
  40 deep trolls (Vaults:2 Depths:1 Depths:2 Depths:3 Depths:4)
  2 golden dragon skeletons (Crypt:2 Crypt:3)
  A spriggan druid (Swamp:4)
  5 wizards (D:14 Vaults:3 Depths:1 Depths:2)
  16 deep elf archers (Vaults:1 Vaults:2 Vaults:3 Vaults:4 Elf:2)
  A harpy (shapeshifter) (Vaults:5)
  A shadow dragon zombie (Crypt:3)
  3 shambling mangroves (Swamp:2 Swamp:3)
  11 ironbrand convokers (Vaults:1 Vaults:2 Desolation Vaults:3 Vaults:4)
  8 phantasmal warriors (D:15 Vaults:3 Crypt:1 Depths:3 Depths:4)
  9 orc knights (Orc:2 D:13 Vaults:1 Vaults:2 Vaults:3)
  15 necromancers (D:14 D:15 Vaults:1 Vaults:3 Crypt:2)
  4 harpies (Vaults:5)
  2 wolf spider zombies (Crypt:1 Crypt:3)
  2 oklob plants (Lair:6)
  23 wolf spiders (Spider:1 Spider:2 Spider:3 Vaults:2 Spider:4)
  An anaconda skeleton (Hell)
  7 orc sorcerers (Orc:1 Orc:2 D:13 Vaults:3 Elf:2)
  A cyclops (shapeshifter) (Vaults:5)
  46 deep elf magi (D:13 Elf:1 Orc:2 Vaults:1 Vaults:2)
  A frost giant zombie (Depths:1)
  18 orb spiders (Spider:1 Spider:2 Spider:4)
  5 cyclopes (D:11 D:13 D:14 Vaults:2)
  2 fauns (Elf:1 Vaults:3)
  4 elephants (Lair:6)
  8 moths of wrath (Spider:2 Zot:1 Zot:2 Zot:3)
  3 manticores (D:13 D:15)
  38 ugly things (D:11 D:14 Vaults:1 Vaults:2 Vaults:3)
  A guardian serpent (shapeshifter) (D:14)
  An iron dragon skeleton (Crypt:2)
  3 black mambas (shapeshifter) (Depths:2 Depths:1 Depths:3)
  A fire giant skeleton (Hell)
  A shock serpent zombie (Crypt:1)
  3 guardian serpents (Desolation Abyss:2 Vaults:5)
  5 rust devils (Depths:2 Hell Depths:5)
  3 black mambas (Lair:2 Lair:3 Lair:4)
  3 ice statues (IceCv Hell)
  A molten gargoyle (Elf:2)
  2 water nymphs (shapeshifter) (Depths:3 Depths:5)
  A frost giant skeleton (D:15)
  6 smoke demons (Abyss:2 Crypt:3 Hell)
  4 torpor snails (Lair:4 Lair:6 Spider:2 Spider:4)
  6 gargoyles (D:11 D:10 Crypt:3)
  46 spiny frogs (Lair:1 Lair:2 Lair:3 Lair:4 Lair:5)
  9 vault sentinels (Vaults:1 Vaults:2 Vaults:3 Vaults:4 Vaults:5)
  4 centaur skeletons (D:13 D:14)
  A green draconian zombie (Crypt:1)
  5 spectral swamp worms (Depths:5)
  A hellion (Hell)
  2 rime drakes (Lair:2)
  A kobold demonologist (Abyss:2)
  11 komodo dragons (Lair:1 Lair:2 Lair:3 Lair:4 Lair:5)
  A red draconian zombie (Crypt:1)
  11 freezing wraiths (Swamp:4 Vaults:4 Crypt:1 Hell Vaults:5)
  An iron troll zombie (Crypt:2)
  43 yaktaurs (Vaults:1 Desolation Vaults:4 Depths:1 Depths:2)
  2 anaconda simulacra (Abyss:2 Hell)
  An efreet (D:15)
  A yaktaur skeleton (Depths:1)
  4 hydra zombies (Crypt:3 Hell)
  A guardian mummy (D:15)
  4 tengu conjurers (Depths:1 Depths:2)
  A yaktaur (shapeshifter) (Depths:3)
  17 demonic crawlers (Spider:1 Spider:3 Spider:2 Spider:4)
  4 ice devils (Depths:2 Hell Depths:1 Depths:5)
  A wind drake (IceCv)
  8 red devils (Crypt:3 Depths:2 Hell Depths:5)
  2 queen bees (shapeshifter) (Vaults:1 Vaults:2)
  A queen bee (Lair:3)
  A troll (shapeshifter) (Depths:3)
  10 tyrant leeches (Lair:6 Swamp:1 Swamp:2 Swamp:3 Swamp:4)
  2 polar bears (shapeshifter) (D:15 Elf:3)
  A jumping spider (shapeshifter) (Depths:3)
  35 jumping spiders (Spider:1 Spider:3 Spider:2 Spider:4)
  12 polar bears (IceCv Lair:5)
  34 hornets (Orc:1 Swamp:2 Swamp:3 Swamp:4 Spider:1)
  9 trolls (D:12 Orc:1 Orc:2 D:13 Vaults:4)
  An alligator zombie (Hell)
  3 ice dragon zombies (D:15 Crypt:3 Hell)
  2 fire dragon zombies (D:15 Crypt:3)
  30 blink frogs (Lair:2 Lair:3 Lair:4 Lair:6 Lair:5)
  2 hydra skeletons (Crypt:3 Hell)
  4 bog bodies (Swamp:2 Swamp:3 Swamp:4)
  56 saltlings (Desolation)
  42 slime creatures (D:11 Lair:5 D:15 Swamp:1 Swamp:2)
  13 hippogriffs (D:8 D:11 Lair:2 Lair:3 Lair:4)
  2 alligator skeletons (Crypt:1 Hell)
  2 dream sheep (shapeshifter) (Elf:3 Vaults:5)
  An air elemental (Abyss:2)
  An ice dragon skeleton (Vaults:1)
  A spriggan (shapeshifter) (Vaults:4)
  4 large abominations (Abyss:2)
  8 shadows (D:11 Swamp:2 Abyss:2 Crypt:2 Crypt:3)
  7 water elementals (Elf:1 Elf:3 Depths:1 Depths:2)
  A redback (shapeshifter) (D:15)
  7 vampires (D:13 Crypt:3)
  10 wraiths (D:14 D:15 Vaults:1 Crypt:1 Crypt:2)
  27 tarantellas (Lair:2 Spider:1 Spider:2 Spider:3 Spider:4)
  A yak (shapeshifter) (Depths:1)
  A ynoxinul (Abyss:2)
  92 redbacks (Spider:1 Lair:2 Spider:3 Spider:2 Spider:4)
  6 wyverns (Lair:3 Lair:6 D:12 D:14 D:15)
  18 humans (D:7 D:8 D:14)
  7 fire bats (D:11 Abyss:2)
  13 spriggans (Swamp:2 Swamp:3 Swamp:4 Depths:3 Depths:4)
  2 tarantellas (shapeshifter) (Vaults:4 Vaults:5)
  A black mamba skeleton (Crypt:3)
  48 yaks (D:7 D:9 D:8 IceCv Lair:2)
  10 fire elementals (Elf:1 Elf:2 Hell)
  2 basilisks (Lair:2 Lair:3)
  7 hogs (D:7 D:14)
  A human (shapeshifter) (Depths:5)
  4 hungry ghosts (D:15 Crypt:3)
  A spriggan simulacrum (Depths:1)
  A golden eye (shapeshifter) (Vaults:4)
  4 swamp worm simulacra (Swamp:4)
  15 vampire mosquitoes (Lair:6 D:14 Swamp:4)
  2 human simulacra (Vaults:2)
  5 wargs (Orc:1 D:14 Vaults:1 Elf:2)
  2 chaos spawn (Abyss:2)
  12 swamp worms (Lair:5 Swamp:1 Swamp:2 Swamp:3 Swamp:4)
  2 ogre zombies (Vaults:1 Crypt:1)
  2 soldier ants (D:12 D:13)
  An infernal demonspawn zombie (Crypt:2)
  2 soldier ants (shapeshifter) (Depths:1 Depths:3)
  4 insubstantial wisps (Swamp:3)
  15 hydra simulacra (Swamp:4)
  16 water moccasins (Lair:1 Lair:2 Lair:3 Lair:4 Lair:6)
  7 hell hounds (Elf:1 Hell)
  12 porcupines (Lair:1 Lair:2 Lair:3 Lair:4 Lair:5)
  A spiny frog zombie (Crypt:3)
  4 swamp drakes (Lair:5 Swamp:1 Swamp:2 Swamp:3)
  46 orc warriors (D:12 Orc:1 Orc:2 D:13 D:14)
  An ice beast (shapeshifter) (D:15)
  4 ice beasts (D:5 D:8 D:15)
  3 spiny frog skeletons (Crypt:3 Hell)
  6 sky beasts (D:5 D:6 D:8 D:9 D:10)
  A black bear (D:11)
  A necrophage (D:3)
  29 ogres (D:6 D:7 D:8 Orc:1 Orc:2)
  69 wolves (Lair:1 IceCv Lair:2 Lair:3 Lair:5)
  A swamp dragon zombie (Crypt:3)
  15 centaurs (D:5 D:6 D:7 D:11 D:14)
  5 phantoms (D:4 D:7 D:9 D:12)
  14 boggarts (Vaults:1 Vaults:2 Depths:2 Depths:3)
  A manticore zombie (Hell)
  A human skeleton (Vaults:1)
  A big kobold (shapeshifter) (Elf:2)
  3 big kobolds (D:7 D:8 D:9)
  12 crocodiles (Lair:1 Lair:2 Lair:3 Lair:4 Lair:5)
  The ghost of stickyfingers the Cutter, an amateur DEGl (D:3)
  23 bullfrogs (D:7 D:8 D:9 Lair:1 Lair:2)
  A wyvern zombie (Crypt:1)
  A gnoll sergeant (D:7)
  A glowing shapeshifter simulacrum (Vaults:2)
  10 earth elementals (Elf:2 Elf:3 Depths:1)
  5 scorpions (D:5 D:7 D:8 D:9)
  6 small abominations (Abyss:2)
  36 killer bees (Lair:3 D:11 Lair:2 D:12)
  A spriggan zombie (Crypt:1)
  A warg skeleton (Crypt:1)
  9 wights (D:9 D:12 Vaults:2 Crypt:2)
  A troll skeleton (Hell)
  An electric eel (Lair:6)
  3 howler monkeys (D:9 D:12)
  A lava snake (Elf:2)
  9 crimson imps (D:5 D:4 D:7 D:8 D:10)
  A bullfrog zombie (D:12)
  A quasit (D:10)
  5 jellies (D:5 D:7 D:11 D:14)
  A wolf skeleton (Crypt:2)
  3 centaur zombies (D:6 D:15 D:12)
  6 hounds (D:4 D:6 D:7 D:9)
  5 starcursed masses (Abyss:2)
  15 orc priests (D:4 D:7 D:9 D:11 Orc:1)
  27 orc wizards (D:3 D:4 D:5 D:9 D:11)
  Crazy Yiuf (D:5)
  3 bullfrog skeletons (D:4 D:8 D:12)
  3 iguanas (D:4 D:8 Lair:2)
  8 iron imps (Abyss:2 Depths:1 Hell Depths:5)
  Terence (D:2)
  11 worker ants (D:5 D:7 D:8 D:9 D:10)
  A hound skeleton (D:11)
  2 hound zombies (D:6 Crypt:1)
  2 worker ant zombies (D:11)
  2 naga simulacra (Abyss:2 Hell)
  12 adders (D:2 D:4 D:5 D:8 D:10)
  10 gnolls (D:7 D:8 D:9)
  6 shadow imps (D:5 D:8 D:11 Depths:5)
  2 white imps (Abyss:2 Depths:5)
  4 swamp drake simulacra (Swamp:4)
  4 oozes (D:2 D:3 D:5)
  An adder zombie (D:6)
  An adder skeleton (D:7)
  6 worms (D:2 D:3 D:5)
  3 dart slugs (D:1)
  4 leopard geckos (D:2 D:4 D:8 D:9)
  97 orcs (D:3 D:4 D:5 D:6 D:7)
  8 giant cockroaches (D:1 D:2 D:3 D:4 D:7)
  4 hobgoblins (D:1 D:2 D:3)
  14 jackals (D:2 D:3 D:4 D:7 D:9)
  2 quokkas (D:4 D:7)
  5 bats (D:1 D:2 D:3)
  2 frilled lizards (D:3 D:4)
  6 goblins (D:1 D:2 D:3)
  A goblin skeleton (D:8)
  A jackal skeleton (D:11)
  19 kobolds (D:1 D:2 D:3 D:7 D:8)
  A kobold zombie (Crypt:2)
  A quokka skeleton (D:4)
  11 rats (D:1 D:2 D:3)
  A butterfly (D:9)
  5 fungi (D:5 Lair:4 Lair:6)
  4 plants (Lair:2 Lair:4 Lair:6)
  A withered plant (D:15)
2605 creatures vanquished.

Vanquished Creatures (collateral kills)
  Margery (Crypt:2)
  2 caustic shrikes (Depths:3 Depths:4)
  Nikola (Spider:4)
  2 storm dragons (Hell Depths:4)
  An emperor scorpion (Spider:4)
  An ironheart preserver (Vaults:1)
  A deep elf annihilator (Vaults:4)
  A dire elephant (Desolation)
  A halazid warlock (Desolation)
  A crystal guardian (Desolation)
  A deep elf death mage (Depths:4)
  2 ragged hierophants (Desolation)
  3 servants of whispers (Desolation)
  2 peacekeepers (Desolation)
  A hydra (Swamp:3)
  An alligator (Swamp:1)
  A dancing weapon (Elf:1)
  A deep elf knight (Vaults:4)
  An ironbrand convoker (Desolation)
  An ugly thing (D:14)
  2 deep elf magi (Elf:1 Vaults:4)
  A demonic crawler (Spider:2)
  3 yaktaurs (Vaults:1)
  3 jumping spiders (Spider:2)
  13 saltlings (Desolation)
  A bog body (Swamp:1)
  2 hornets (Swamp:3 Spider:2)
  2 tarantellas (Spider:2)
  A spriggan (Swamp:3)
  A warg (D:13)
  A swamp worm (Swamp:1)
  An insubstantial wisp (Swamp:3)
  A bullfrog (D:14)
  2 orcs (D:13 Vaults:4)
60 creatures vanquished.

Vanquished Creatures (others)
  A very ugly thing (Vaults:1)
  A spark wasp (Depths:1)
  2 ragged hierophants (Desolation)
  An ogre mage (D:15)
  A vault guard (Vaults:4)
  A centaur warrior (Depths:1)
  An alligator (Swamp:3)
  An orc high priest (Elf:2)
  A hell knight (Crypt:2)
  A titan skeleton (Hell)
  An ironbrand convoker (Desolation)
  A necromancer (Depths:3)
  A wolf spider (Spider:2)
  A fire giant skeleton (Hell)
  A titan simulacrum (Hell)
  A storm dragon simulacrum (Hell)
  A tyrant leech (Swamp:2)
  A hornet (Spider:2)
  A harpy zombie (Hell)
  A jumping spider (Spider:3)
  A fire dragon skeleton (Hell)
  An emperor scorpion simulacrum (Hell)
  A human (D:14)
  A swamp drake (Swamp:2)
  A lava snake skeleton (Crypt:2)
  22 fungi (Lair:2 Lair:3 Lair:6 Orc:2)
  45 plants (Lair:1 Lair:2 Lair:3 Lair:4 Lair:6)
  5 starspawn tentacles (Abyss:2)
  14 withered plants (Crypt:3)
112 creatures vanquished.

Grand Total: 2777 creatures vanquished

Notes
Turn   | Place    | Note
-------+----------+-------------------------------------------
     0 | D:1      | stickyfingers the Deep Elf Gladiator began the quest for the Orb.
     0 | D:1      | Reached XP level 1. HP: 12/12 MP: 3/3
   280 | D:1      | Reached XP level 2. HP: 13/16 MP: 4/4
   513 | D:1      | Reached skill level 4 in Short Blades
   880 | D:2      | Reached XP level 3. HP: 20/20 MP: 5/5
   929 | D:2      | Noticed Terence
   945 | D:2      | Killed Terence
  1061 | D:2      | Reached XP level 4. HP: 19/25 MP: 6/6
  1065 | D:2      | Reached skill level 5 in Short Blades
  1194 | D:2      | Found a faded altar of an unknown god.
  1527 | D:2      | Found a deep blue altar of Sif Muna.
  1820 | D:3      | Found a shadowy altar of Dithmenos.
  1864 | D:3      | Noticed a necrophage
  1963 | D:3      | Found a runed door.
  1963 | D:3      | Noticed stickyfingers's ghost (amateur DEGl)
  2038 | D:3      | Reached XP level 5. HP: 24/29 MP: 7/7
  2381 | D:3      | Reached skill level 6 in Short Blades
  2647 | D:3      | Reached skill level 1 in Bows
  3174 | D:4      | Reached skill level 2 in Bows
  3530 | D:4      | Reached skill level 3 in Bows
  3536 | D:4      | Reached XP level 6. HP: 24/34 MP: 8/8
  3907 | D:4      | Reached skill level 4 in Bows
  4140 | D:4      | Identified a book of Necromancy
  4189 | D:4      | Reached skill level 5 in Bows
  4404 | D:4      | Reached XP level 7. HP: 36/38 MP: 9/9
  4451 | D:4      | Found a staircase to the Ecumenical Temple.
  4718 | D:4      | Reached skill level 6 in Bows
  4805 | D:5      | Entered Level 5 of the Dungeon
  4899 | D:5      | Reached skill level 7 in Bows
  5091 | D:5      | Reached skill level 8 in Bows
  5177 | D:5      | Reached XP level 8. HP: 42/43 MP: 10/10
  5782 | D:5      | Found a runed door.
  5787 | D:5      | Noticed Crazy Yiuf
  5789 | D:5      | Killed Crazy Yiuf
  5876 | D:3      | Reached skill level 9 in Bows
  5930 | D:3      | Killed stickyfingers's ghost
  6168 | D:4      | Found a burning altar of Makhleb.
  6315 | D:6      | Found a stormy altar of Qazlal.
  6399 | D:6      | Reached skill level 10 in Bows
  7365 | D:7      | Found a shattered altar of Ashenzari.
  7425 | D:7      | Reached skill level 11 in Bows
  7529 | D:7      | Reached XP level 9. HP: 39/47 MP: 11/11
  7594 | D:7      | HP: 13/47 [yak (11)]
  7762 | D:7      | Reached skill level 12 in Bows
  8436 | D:7      | Reached skill level 13 in Bows
  8516 | D:7      | Identified a book of Conjurations
  8780 | D:7      | Found a white marble altar of Elyvilon.
  8963 | D:8      | Identified a book of Beasts
  8973 | D:8      | Found a sacrificial altar of Ru.
  9050 | D:8      | Found a runed door.
  9075 | D:8      | Found a basalt altar of Yredelemnul.
  9089 | D:8      | Found an iron altar of Okawaru.
  9151 | D:8      | Noticed a two-headed ogre
  9267 | D:7      | Reached XP level 10. HP: 39/52 MP: 12/12
  9297 | D:8      | Reached skill level 14 in Bows
  9679 | D:8      | Reached skill level 1 in Stealth
  9679 | D:8      | Reached skill level 1 in Evocations
 10049 | D:8      | Killed a two-headed ogre
 10049 | D:8      | Reached skill level 3 in Stealth
 10049 | D:8      | Reached skill level 2 in Evocations
 10318 | D:8      | Reached skill level 3 in Evocations
 10393 | D:8      | Reached skill level 4 in Stealth
 10530 | D:9      | Reached skill level 7 in Short Blades
 10590 | D:9      | Noticed a two-headed ogre
 10627 | D:9      | Reached skill level 4 in Evocations
 10685 | D:8      | Reached skill level 5 in Stealth
 10727 | D:9      | Noticed a two-headed ogre
 10933 | D:9      | Noticed a two-headed ogre
 10946 | D:9      | Killed a two-headed ogre
 10946 | D:9      | Reached skill level 6 in Stealth
 10946 | D:9      | Reached skill level 5 in Evocations
 11190 | D:9      | Found a shimmering altar of Xom.
 11208 | D:9      | Found a staircase to the Orcish Mines.
 12034 | D:9      | Identified a book of Battle
 12246 | D:9      | Killed a two-headed ogre
 12246 | D:9      | Reached skill level 8 in Short Blades
 12246 | D:9      | Reached XP level 11. HP: 56/56 MP: 17/17
 12605 | D:9      | Found a staircase to the Lair.
 12641 | Lair:1   | Entered Level 1 of the Lair of Beasts
 12676 | Lair:1   | Reached skill level 7 in Stealth
 12729 | Lair:1   | Reached skill level 6 in Evocations
 13036 | Lair:1   | Found a frozen archway.
 13061 | IceCv    | Entered an ice cave
 13188 | IceCv    | Reached skill level 8 in Stealth
 13567 | IceCv    | Reached skill level 7 in Evocations
 13581 | IceCv    | Noticed a harpy
 13581 | IceCv    | a polar bear changed into a harpy
 13582 | IceCv    | a harpy changed into a wind drake
 13583 | IceCv    | HP: 14/56 [wind drake/the air (3)]
 13594 | IceCv    | HP: 13/56 [wind drake/the air (3)]
 13610 | IceCv    | HP: 4/56 [wind drake/the air (10)]
 13613 | IceCv    | Reached skill level 9 in Short Blades
 14350 | IceCv    | HP: 14/56 [polar bear (7)]
 14363 | IceCv    | HP: 14/56 [wolf (2)]
 14366 | IceCv    | Reached skill level 9 in Stealth
 15387 | IceCv    | Noticed a fire crab
 15387 | IceCv    | a polar bear changed into a fire crab
 15395 | IceCv    | HP: 14/56 [something] (7)]
 15405 | IceCv    | Killed a fire crab
 15655 | IceCv    | Reached skill level 8 in Evocations
 15867 | IceCv    | Noticed a frost giant
 15953 | IceCv    | HP: 6/56 [frost giant/bolt of cold (16)]
 15965 | IceCv    | HP: 12/56 [frost giant/bolt of cold (10)]
 15969 | IceCv    | Killed a frost giant
 15969 | IceCv    | Reached skill level 10 in Stealth
 15969 | IceCv    | Reached XP level 12. HP: 32/61 MP: 20/20
 16190 | IceCv    | Reached skill level 10 in Short Blades
 16543 | IceCv    | Reached skill level 9 in Evocations
 17340 | Lair:2   | Found a staircase to the Swamp.
 17371 | Lair:2   | Reached skill level 11 in Stealth
 17624 | Lair:2   | Noticed a seven-headed hydra
 18151 | Lair:2   | HP: 16/61 [swamp dragon (14)]
 18152 | Lair:2   | Reached skill level 10 in Evocations
 18159 | Lair:2   | HP: 15/61 [poisoned by a swamp dragon (blast of poison)]
 18482 | Lair:2   | Found a hole to the Spider Nest.
 18849 | Lair:2   | Reached skill level 12 in Stealth
 19142 | Lair:2   | Killed a seven-headed hydra
 19613 | Lair:2   | Reached skill level 11 in Evocations
 19688 | Lair:2   | Reached skill level 13 in Stealth
 19911 | Lair:2   | Identified a book of the Earth
 20328 | Lair:3   | Noticed a death yak
 20387 | Lair:3   | Killed a death yak
 20586 | Lair:3   | Noticed a death yak
 20586 | Lair:3   | Noticed a death yak
 20586 | Lair:3   | Noticed a death yak
 20586 | Lair:3   | Noticed a death yak
 20587 | Lair:3   | Killed a death yak
 20587 | Lair:3   | Reached XP level 13. HP: 65/65 MP: 23/23
 21018 | D:10     | Entered Level 10 of the Dungeon
 21416 | D:10     | Noticed Nergalle
 21434 | D:10     | Killed Nergalle
 22115 | D:11     | Identified a paperback manual
 22160 | D:11     | Reached skill level 12 in Evocations
 22298 | D:11     | Reached skill level 14 in Stealth
 22342 | D:11     | Noticed Fannar
 22411 | D:10     | Killed Fannar
 22612 | D:11     | Noticed Gastronok
 22929 | D:11     | Noticed a fire dragon
 22930 | D:11     | Found the +7 great mace "Firestarter" {inner flame, rF++}
 23002 | D:11     | Killed a fire dragon
 23056 | D:10     | HP: 19/65 [gargoyle/mace of crushing (7)]
 23058 | D:10     | HP: 8/65 [gargoyle/stone arrow (9)]
 24728 | Lair:2   | Reached skill level 15 in Stealth
 24850 | Lair:3   | Reached skill level 13 in Evocations
 27771 | Lair:4   | Reached skill level 16 in Stealth
 28076 | Lair:4   | Reached XP level 14. HP: 54/70 MP: 26/26
 29577 | Lair:5   | Reached skill level 14 in Evocations
 30143 | Lair:5   | Got a smoking robe
 31428 | Lair:5   | Reached skill level 15 in Bows
 31478 | Lair:5   | HP: 15/70 [alligator (17)]
 32163 | Lair:5   | Identified the +1 robe of Morr {*Corrode Dex+6} (You found it on level 5 of the Lair of Beasts)
 32200 | Lair:6   | Entered Level 6 of the Lair of Beasts
 33101 | Lair:6   | Reached skill level 16 in Bows
 34247 | Lair:6   | Reached skill level 17 in Bows
 35045 | Lair:6   | Found a staircase to the Slime Pits.
 35045 | Lair:6   | Found a viscous altar of Jiyva.
 35258 | Lair:6   | Reached XP level 15. HP: 74/74 MP: 27/27
 35804 | D:11     | Killed Gastronok
 36089 | D:11     | Reached skill level 18 in Bows
 36507 | D:12     | Found a transporter.
 36512 | D:12     | Noticed Xuyc's ghost (journeyman TrCK)
 36520 | D:12     | Found a transporter.
 37006 | Orc:1    | Entered Level 1 of the Orcish Mines
 37012 | Orc:1    | Noticed Maurice
 37022 | Orc:1    | Noticed Maurice
 37022 | Orc:1    | Maurice changed into Maurice the hornet
 37026 | Orc:1    | Killed Maurice the hornet
 37418 | Orc:1    | Noticed an orc warlord
 37559 | D:9      | Killed an orc warlord
 37930 | Orc:1    | Found a roughly hewn altar of Beogh.
 38370 | Orc:2    | Entered Level 2 of the Orcish Mines
 38403 | Orc:2    | Found Vyodiush's Antique Armour Boutique.
 38579 | Orc:2    | Noticed an orc warlord
 38707 | Orc:1    | Killed an orc warlord
 38821 | Orc:2    | Reached skill level 19 in Bows
 38904 | Orc:2    | Found a staircase to the Elven Halls.
 39105 | Orc:2    | Found Igudis's Antique Weapon Emporium.
 39132 | Orc:2    | Found Oduiron's General Store.
 39540 | Orc:2    | Found Irext's Jewellery Shoppe.
 39966 | Orc:2    | Bought a pair of glowing gloves for 225 gold pieces
 39986 | Orc:2    | Bought jewelled steam dragon scales for 1350 gold pieces
 39996 | Orc:2    | Identified the +0 steam dragon scales "Hexooc" {*Contam rC++ Str+2 Dex+2} (You bought it in a shop on level 2 of the Orcish Mines)
 40027 | Orc:2    | Bought a scroll of identify for 32 gold pieces
 40281 | D:13     | Noticed Nessos
 40282 | D:13     | Noticed Nessos
 40282 | D:13     | Nessos changed into Nessos the death drake
 40296 | D:13     | HP: 6/74 [deep elf mage/bolt of magma (19)]
 40328 | D:12     | HP: 22/74 [poisoned by Nessos (foul vapour)]
 40333 | D:12     | HP: 15/74 [poisoned by Nessos (foul vapour)]
 40339 | D:12     | HP: 11/74 [poisoned by Nessos (foul vapour)]
 40345 | D:12     | HP: 10/74 [poisoned by Nessos (foul vapour)]
 40351 | D:12     | HP: 9/74 [poisoned by Nessos (foul vapour)]
 40358 | D:12     | HP: 9/74 [poisoned by Nessos (foul vapour)]
 41747 | D:14     | Reached skill level 20 in Bows
 41944 | D:14     | Noticed Snorg
 41948 | D:14     | Killed Snorg
 42081 | D:14     | Noticed Kirke
 42161 | D:14     | Killed Kirke
 42294 | D:14     | Noticed Sonja
 42295 | D:14     | Noticed Sonja
 42295 | D:14     | Sonja changed into Sonja the warg
 42298 | D:14     | Killed Sonja the warg
 42354 | D:14     | Found a white marble altar of Elyvilon.
 42788 | D:14     | Reached XP level 16. HP: 79/79 MP: 29/29
 42806 | D:14     | Reached skill level 15 in Evocations
 42829 | D:14     | HP: 20/79 [vault guard/long sword (14)]
 42858 | D:13     | Noticed Nessos
 42858 | D:13     | Nessos the death drake changed into Nessos the glowing orange brain
 42865 | D:13     | Killed Nessos the glowing orange brain
 43170 | D:14     | Found a gate to the Vaults.
 43627 | D:15     | Entered Level 15 of the Dungeon
 43793 | D:15     | Reached skill level 16 in Evocations
 44641 | D:15     | Found a staircase to the Depths.
 45403 | Lair:6   | HP: 23/79 [acid (10)]
 45415 | Lair:6   | Gained mutation: You are dopey. (Int -2) [mutagenic glow]
 45706 | D:9      | Upgraded the game from 0.22-a0-512-g0943f25 to 0.22-a0-525-gf69a080
 45751 | Swamp:1  | Entered Level 1 of the Swamp
 45778 | Swamp:1  | Reached skill level 17 in Evocations
 46402 | Swamp:1  | Noticed Donald
 46417 | Swamp:1  | Killed Donald
 47372 | Swamp:2  | Reached skill level 18 in Evocations
 47375 | Swamp:2  | Paralysed by a hornet for 1 turns
 48314 | Swamp:3  | Noticed a thorn hunter
 48405 | Swamp:3  | Identified a book of Minor Magic
 49462 | Swamp:3  | Found a basalt altar of Yredelemnul.
 49480 | Swamp:3  | Noticed Roxanne
 49793 | Swamp:3  | Killed a thorn hunter
 49849 | Swamp:3  | Noticed Louise
 49850 | Swamp:3  | Reached XP level 17. HP: 80/83 MP: 29/32
 49864 | Swamp:3  | Killed Louise
 50429 | Orc:2    | Bought the ring of Toaralol {+Blink Int+4} for 451 gold pieces
 50663 | Swamp:3  | Reached skill level 19 in Evocations
 50892 | Swamp:3  | Killed Roxanne
 50906 | Swamp:3  | Identified a book of Transfigurations (You took it off Roxanne on level 3 of the Swamp)
 51036 | Swamp:4  | Entered Level 4 of the Swamp
 52474 | Swamp:4  | Got a decaying rune of Zot
 52649 | Spider:1 | Entered Level 1 of the Spider Nest
 53026 | Spider:1 | Reached skill level 20 in Evocations
 53592 | Spider:3 | HP: 17/83 [jumping spider (9)]
 55826 | Spider:2 | Reached skill level 21 in Bows
 57327 | Elf:1    | Entered Level 1 of the Elven Halls
 57666 | Elf:1    | Noticed Azrael
 57684 | Elf:1    | Killed Azrael
 57903 | Elf:1    | Reached XP level 18. HP: 59/88 MP: 21/34
 58735 | Elf:1    | HP: 20/88 [broad axe of freezing (7)]
 59775 | Elf:1    | Identified a book of the Dragon
 60113 | D:11     | HP: 23/88 [Xuyc's ghost (15)]
 60416 | D:11     | Killed Xuyc's ghost
 60510 | Vaults:1 | Entered Level 1 of the Vaults
 60529 | Vaults:1 | Reached skill level 22 in Bows
 60629 | Vaults:1 | Noticed Aizul
 60636 | Vaults:1 | Killed Aizul
 60651 | Vaults:1 | HP: 10/88 [deep elf knight/shard of ice (23)]
 60660 | Vaults:1 | HP: 10/88 [poisoned by Aizul (poison arrow)]
 60666 | Vaults:1 | HP: 10/88 [poisoned by Aizul (poison arrow)]
 60672 | Vaults:1 | HP: 10/88 [poisoned by Aizul (poison arrow)]
 61428 | Vaults:1 | Identified a book of Changes
 62976 | Vaults:1 | Reached skill level 17 in Stealth
 63876 | Vaults:1 | HP: 26/88 [cyan ugly thing (11)]
 64505 | Orc:2    | Bought a scroll of enchant armour for 120 gold pieces
 64630 | Elf:2    | Found a ruined gateway.
 64748 | Desolati | Entered the Desolation of Salt
 65475 | Desolati | Reached skill level 18 in Stealth
 65862 | Desolati | Reached skill level 21 in Evocations
 65905 | Desolati | Got a brightly glowing helmet
 65908 | Desolati | Identified Sif Muna's Almanac of Mutagenic Boosts
 66042 | Desolati | Identified the Compendium of the Warped Snowflakes
 66045 | Desolati | Got a creamy pearl robe
 66816 | Desolati | Got an ivory falchion
 66883 | Desolati | Identified the +2 helmet of the Pirate {rF+} (You found it in the Desolation of Salt)
 66933 | Desolati | Identified the +0 robe of Least Resistance {rF+ Str+4 Int-2 Dex+4} (You found it in the Desolation of Salt)
 67297 | Desolati | HP: 14/88 [dire elephant (14)]
 67849 | Desolati | Identified the +8 falchion of Hubris {flame, +Inv Str-3 Dex+6 Stlth+} (You found it in the Desolation of Salt)
 68266 | Desolati | Reached XP level 19. HP: 92/92 MP: 35/35
 68558 | Desolati | HP: 25/92 [saltling (4)]
 68846 | Desolati | Found the +2 shield of Resistance {rF+ rC+ MR+}
 69141 | Desolati | Got a steaming platinum amulet
 69144 | Desolati | Identified the amulet "Dotaaser" {Faith rC- MR+ Int+4} (You found it in the Desolation of Salt)
 69148 | Desolati | Got a jewelled buckler
 69826 | Vaults:2 | Reached skill level 19 in Stealth
 71505 | Vaults:2 | Found a staircase to the Crypt.
 71687 | Vaults:3 | Reached skill level 22 in Evocations
 72029 | Vaults:2 | HP: 27/92 [poisoned by an ironheart preserver]
 72034 | Vaults:2 | HP: 21/92 [poisoned by an ironheart preserver]
 72039 | Vaults:2 | HP: 15/92 [poisoned by an ironheart preserver]
 72045 | Vaults:2 | HP: 10/92 [poisoned by an ironheart preserver]
 72050 | Vaults:2 | HP: 8/92 [poisoned by an ironheart preserver]
 72055 | Vaults:2 | HP: 7/92 [poisoned by an ironheart preserver]
 72060 | Vaults:2 | HP: 6/92 [poisoned by an ironheart preserver]
 72068 | Vaults:2 | HP: 6/92 [poisoned by an ironheart preserver]
 72338 | Vaults:3 | Reached skill level 20 in Stealth
 72605 | Vaults:3 | HP: 21/92 [stone giant/large rock (32)]
 73102 | Vaults:3 | Found Idex's Assorted Antiques.
 73110 | Vaults:3 | Found Puxkaerr's Weapon Emporium.
 73115 | Vaults:3 | Found Giylouqa's Antique Weapon Shoppe.
 74042 | Vaults:3 | Noticed Asterion
 74072 | Vaults:3 | Killed Asterion
 74421 | Spider:4 | Entered Level 4 of the Spider Nest
 75785 | Spider:4 | Noticed Nikola
 75810 | Spider:4 | Reached XP level 20. HP: 97/97 MP: 37/37
 76538 | Spider:4 | HP: 29/97 [poisoned by an emperor scorpion]
 76543 | Spider:4 | HP: 27/97 [poisoned by an emperor scorpion]
 76549 | Spider:4 | HP: 25/97 [poisoned by an emperor scorpion]
 76555 | Spider:4 | HP: 25/97 [poisoned by an emperor scorpion]
 76563 | Spider:4 | HP: 25/97 [poisoned by an emperor scorpion]
 76929 | Vaults:3 | Reached skill level 21 in Stealth
 77586 | Vaults:4 | Found Sugyikh's Magic Scroll Shop.
 77881 | Vaults:3 | Bought a wand of enslavement (13) for 52 gold pieces
 77881 | Vaults:3 | Bought a ring of evasion for 52 gold pieces
 78147 | Vaults:4 | Reached skill level 23 in Evocations
 78789 | Vaults:4 | HP: 29/97 [poisoned by a vault guard]
 78794 | Vaults:4 | HP: 23/97 [poisoned by a vault guard]
 78799 | Vaults:4 | HP: 18/97 [poisoned by a vault guard]
 78804 | Vaults:3 | HP: 15/97 [poisoned by a vault guard]
 78809 | Vaults:3 | HP: 14/97 [poisoned by a vault guard]
 78816 | Vaults:3 | HP: 13/97 [poisoned by a vault guard]
 78823 | Vaults:3 | HP: 13/97 [poisoned by a vault guard]
 78831 | Vaults:3 | HP: 13/97 [poisoned by a vault guard]
 79268 | Vaults:4 | Bought a scroll of teleportation for 42 gold pieces
 79268 | Vaults:4 | Bought a scroll of fog for 28 gold pieces
 79268 | Vaults:4 | Bought a scroll of enchant armour for 105 gold pieces
 79340 | Vaults:4 | Noticed Boris
 79402 | Vaults:4 | Killed Boris
 81111 | Spider:4 | Killed Nikola
 81207 | Spider:4 | Reached skill level 24 in Evocations
 81816 | Spider:3 | HP: 29/97 [poisoned by an emperor scorpion]
 81821 | Spider:3 | HP: 28/97 [poisoned by an emperor scorpion]
 81828 | Spider:3 | HP: 28/97 [poisoned by an emperor scorpion]
 81836 | Spider:3 | HP: 28/97 [poisoned by an emperor scorpion]
 82331 | Spider:4 | Got a gossamer rune of Zot
 82950 | Elf:2    | Found Hajifurr's Elven Fire.
 83102 | Elf:2    | Found Ifol's Antique Weapon Shop.
 83155 | Elf:2    | Found a deep blue altar of Sif Muna.
 83232 | Elf:2    | Found a runed gate.
 83232 | Elf:2    | Found a runed gate.
 83233 | Elf:2    | Found a runed gate.
 83340 | Elf:3    | Entered Level 3 of the Elven Halls
 83375 | Elf:3    | Reached skill level 11 in Short Blades
 83830 | Elf:3    | Cast into level 2 of the Abyss (a deep elf demonologist)
 84292 | Abyss:2  | Found a corrupted altar of Lugonu.
 84459 | Abyss:2  | Reached XP level 21. HP: 94/101 MP: 35/39
 84674 | Abyss:2  | Found a corrupted altar of Lugonu.
 85028 | Elf:3    | Escaped the Abyss
 85389 | Elf:3    | Got a shimmering bronze ring
 85492 | Elf:3    | Reached skill level 23 in Bows
 85619 | Elf:3    | Got a distressingly furry shield
 85947 | Elf:3    | Got a steaming amethyst amulet
 86065 | D:9      | Identified the ring "Ymunipn" {MR+ MP+9} (You took it off a deep elf death mage on level 3 of the Elven Halls)
 86066 | D:9      | Identified the amulet "Soaroqy" {Acrobat rN+ Str+3} (You took it off a deep elf high priest on level 3 of the Elven Halls)
 86352 | Elf:3    | Got a fine tin ring
 86831 | Elf:3    | Identified a Fen Folio
 86855 | Elf:3    | Identified the ring "Aleurup" {+Inv rF+ rN+ Str+4} (You took it off a deep elf mage on level 3 of the Elven Halls)
 86974 | Elf:3    | Identified the Grimoire of Black Arts and the Birds
 87706 | Crypt:1  | Entered Level 1 of the Crypt
 88561 | Crypt:1  | Identified the +2 robe of the Solstice {*Contam rPois rN+ Dex+5} (You found it on level 1 of the Crypt)
 88701 | Crypt:1  | Noticed Sojobo
 88717 | Crypt:1  | Reached skill level 24 in Bows
 88735 | Crypt:1  | HP: 20/101 [Sojobo/the air (15)]
 88738 | Crypt:1  | Killed Sojobo
 90451 | Crypt:1  | HP: 27/101 [ancient champion/great mace of pain (8)]
 91001 | Crypt:2  | Noticed Margery
 91028 | Crypt:2  | Killed Margery
 91956 | Crypt:2  | Reached skill level 25 in Bows
 92021 | Crypt:2  | Reached XP level 22. HP: 106/106 MP: 40/40
 92364 | Crypt:3  | Entered Level 3 of the Crypt
 94451 | Crypt:3  | Found a staircase to the Tomb.
 94507 | Crypt:3  | Identified a book of Maledictions
 94609 | Crypt:3  | Noticed an ancient lich
 94678 | Tomb:1   | Entered Level 1 of the Tomb of the Ancients
 94884 | Crypt:3  | Killed an ancient lich
 95192 | Crypt:3  | Found an ancient bone altar of Kikubaaqudgha.
 95283 | Crypt:3  | HP: 31/106 [poisoned by a war gargoyle]
 95288 | Crypt:3  | HP: 27/106 [poisoned by a war gargoyle]
 95293 | Crypt:3  | HP: 23/106 [poisoned by a war gargoyle]
 95299 | Crypt:3  | HP: 21/106 [poisoned by a war gargoyle]
 95306 | Crypt:3  | HP: 20/106 [poisoned by a war gargoyle]
 95313 | Crypt:3  | HP: 19/106 [poisoned by a war gargoyle]
 95321 | Crypt:3  | HP: 20/106 [poisoned by a war gargoyle]
 95660 | Crypt:3  | Identified a book of Annihilations
 95679 | Crypt:3  | Noticed an ancient lich
 95701 | Crypt:3  | Killed an ancient lich
 95725 | Crypt:3  | Identified a book of Dreams
 95925 | Crypt:3  | Identified the Papyrus of Dark Rites
 96138 | Crypt:3  | Identified a book of the Sky
 97283 | Depths:1 | Entered Level 1 of the Depths
 97314 | D:15     | HP: 30/106 [two-headed ogre/giant club (5)]
 97321 | D:15     | Reached skill level 25 in Evocations
 98903 | Depths:1 | Reached skill level 26 in Bows
 99179 | Depths:1 | HP: 29/106 [something (4)]
 99184 | Depths:1 | HP: 20/106 [spark wasp (10)]
 99845 | Depths:1 | Found the +2 hat of the Bear Spirit {Spirit, +Rage rN+ MR++}
100812 | Depths:1 | Reached XP level 23. HP: 98/110 MP: 37/41
101418 | Depths:1 | Got a spiked cloak
101621 | Depths:1 | Identified a book of Party Tricks
101654 | Depths:1 | Found a gateway to Hell.
101842 | D:9      | Identified the cursed +0 cloak of Majuci {Int+3} (You found it on level 1 of the Depths)
102247 | Depths:2 | HP: 23/110 [yaktaur/bolt (15)]
102252 | Depths:1 | HP: 13/110 [poisoned by a tengu conjurer (bolt of poison)]
102257 | Depths:1 | HP: 13/110 [poisoned by a tengu conjurer (bolt of poison)]
102264 | Depths:1 | HP: 13/110 [poisoned by a tengu conjurer (bolt of poison)]
102272 | Depths:1 | HP: 13/110 [poisoned by a tengu conjurer (bolt of poison)]
102967 | Depths:2 | HP: 23/110 [stone giant/large rock (20)]
102968 | Depths:2 | HP: 5/110 [wizard/bolt of lightning (18)]
103384 | Depths:2 | Found a gateway to a ziggurat.
104254 | Depths:2 | Reached skill level 26 in Evocations
106028 | Depths:2 | Found a portal to a secret trove of treasure.
106110 | Depths:2 | Found a glowing golden altar of the Shining One.
106984 | Hell     | Entered the Vestibule of Hell
106984 | Hell     | Noticed Geryon
107110 | Hell     | HP: 26/110 [hell beast[Geryon] (11)]
107115 | Hell     | Killed Geryon
107628 | Hell     | Reached skill level 27 in Bows
109216 | Hell     | Reached skill level 27 in Evocations
109398 | Hell     | Found a gateway to the ashen valley of Gehenna.
109422 | Hell     | Reached XP level 24. HP: 115/115 MP: 42/42
109591 | Hell     | Reached skill level 3 in Throwing
109603 | Hell     | Found a gateway to the freezing wastes of Cocytus.
109833 | Hell     | Found a gateway to the decaying netherworld of Tartarus.
109962 | Hell     | Found a gateway to the Iron City of Dis.
110657 | Depths:3 | Reached skill level 4 in Throwing
110787 | Depths:3 | HP: 31/115 [caustic shrike (11)]
111561 | Depths:3 | Reached skill level 5 in Throwing
111771 | Depths:3 | Noticed Xtahua
111826 | Depths:3 | Killed Xtahua
111826 | Depths:3 | Reached skill level 12 in Short Blades
112233 | Depths:3 | Reached skill level 6 in Throwing
112693 | Depths:3 | Found a one-way gate leading to the halls of Pandemonium.
112765 | Hell     | HP: 34/115 [storm dragon/bolt of lightning (14)]
113366 | Depths:3 | Got a faintly glowing leather armour
113367 | Depths:3 | Identified the +1 leather armour of Tej Loqu {rN++ Slay+3} (You took it off a vampire mage on level 3 of the Depths)
113685 | Depths:3 | HP: 31/115 [spark wasp (15)]
113985 | Depths:3 | Reached skill level 22 in Stealth
114042 | Depths:3 | Got a bloodstained chain mail
114114 | Depths:3 | HP: 34/115 [tentacled monstrosity (7)]
114485 | Depths:3 | Reached skill level 7 in Throwing
114692 | Depths:3 | Got a warped plate armour
114798 | Depths:3 | HP: 28/115 [storm dragon/bolt of lightning (26)]
114805 | Depths:3 | HP: 25/115 [storm dragon/bolt of lightning (6)]
115225 | Depths:3 | Identified a book of Unlife
115230 | Depths:3 | Identified a book of Fire
115239 | Depths:3 | Identified a book of Misfortune
115388 | Hell     | Identified the +3 chain mail of the Two of Swords {MP+9} (You found it on level 3 of the Depths)
115406 | Depths:3 | Identified the +5 plate armour of Terror {rC+ Regen+} (You took it off a rakshasa on level 3 of the Depths)
115416 | Depths:4 | Identified a scroll of acquirement
115681 | Depths:4 | Reached skill level 13 in Short Blades
116033 | Depths:4 | Noticed Mara
116075 | Depths:3 | Reached skill level 8 in Throwing
116179 | Depths:4 | Killed Mara
116307 | Depths:4 | Identified a +0 pair of boots of running (You acquired it on level 4 of the Depths)
116557 | Depths:4 | Found Weileged's Jewellery Shop.
116557 | Depths:4 | Found Huwnovvi's Gadget Emporium.
116558 | Depths:4 | Found Hyohotyurph's Gadget Emporium.
117030 | Depths:4 | HP: 34/115 [storm dragon/bolt of lightning (17)]
117353 | Depths:4 | Reached XP level 25. HP: 78/119 MP: 32/42
117629 | Depths:4 | Found a one-way gate to the infinite horrors of the Abyss.
117692 | Depths:4 | Reached skill level 23 in Stealth
117723 | Depths:4 | HP: 27/119 [Ice Fiend[a deep elf demonologist] (9)]
117725 | Depths:4 | HP: 13/119 [Executioner[a deep elf demonologist] (4)]
118148 | Depths:4 | Reached skill level 14 in Short Blades
119191 | Depths:5 | Entered Level 5 of the Depths
120736 | Depths:5 | Found a runed gate.
120736 | Depths:5 | Found a runed gate.
120738 | Depths:5 | Found a runed gate.
120739 | Depths:5 | Noticed stickyfingers's ghost (veteran DEGl)
120779 | Depths:5 | Reached skill level 24 in Stealth
121233 | Depths:5 | Noticed a juggernaut
121242 | Depths:5 | Killed a juggernaut
122195 | Depths:5 | Reached skill level 25 in Stealth
122209 | Depths:5 | Found a gate to the Realm of Zot.
123554 | Depths:5 | Killed stickyfingers's ghost
124091 | Vaults:5 | Entered Level 5 of the Vaults
124361 | Vaults:4 | Reached skill level 26 in Stealth
124603 | Vaults:5 | HP: 32/119 [vault warden/great mace of protection (23)]
124624 | Vaults:5 | HP: 35/119 [vault guard/bardiche (3)]
125323 | Vaults:5 | Reached skill level 27 in Stealth
125580 | Vaults:5 | Reached XP level 26. HP: 124/124 MP: 42/42
125719 | Vaults:5 | Got a translucent war axe {chop}
125757 | Vaults:5 | Reached skill level 9 in Throwing
126058 | Vaults:5 | Got an ancient silver ring
126174 | Vaults:5 | Found the ring of Shadows {Umbra +Inv Stlth+}
126431 | Vaults:5 | Reached skill level 10 in Throwing
126517 | Vaults:5 | Identified Cubry's Disquisition on the Lucky Compass
126533 | Vaults:5 | Identified Further Steps in Casting
126688 | Vaults:5 | HP: 30/124 [yaktaur captain/bolt (19)]
127096 | Vaults:5 | Identified the Collected Works on the Enchanting Compass
127174 | Vaults:5 | Reached skill level 11 in Throwing
127244 | Vaults:5 | Identified the ring of Cearett {-Tele rElec rC+ Str+3 SInv} (You took it off a vault warden on level 5 of the Vaults)
128180 | Vaults:5 | Reached skill level 12 in Throwing
128291 | Vaults:5 | Identified the +1 spear "Girgheg" {freeze, rElec rPois} (You took it off a yaktaur captain on level 5 of the Vaults)
128292 | Vaults:5 | Identified the +9 war axe of the Crushed Queens {chop, MR+ Int+3} (You took it off a vault guard on level 5 of the Vaults)
128764 | Vaults:5 | Reached skill level 13 in Throwing
128947 | Vaults:5 | Got a silver rune of Zot
129475 | D:9      | Identified the +5 shield "Ruq Tece" {-Tele +Inv Dex+3} (You took it off a deep elf sorcerer on level 3 of the Elven Halls)
129747 | Depths:4 | Bought a wand of iceblast (8) for 180 gold pieces
129747 | Depths:4 | Bought a sack of spiders for 300 gold pieces
129747 | Depths:4 | Bought a wand of paralysis (14) for 240 gold pieces
129747 | Depths:4 | Bought a sack of spiders for 300 gold pieces
129747 | Depths:4 | Bought a box of beasts for 300 gold pieces
129747 | Depths:4 | Bought a box of beasts for 300 gold pieces
129753 | Depths:4 | Bought a box of beasts for 400 gold pieces
129753 | Depths:4 | Bought a sack of spiders for 400 gold pieces
129753 | Depths:4 | Bought a sack of spiders for 400 gold pieces
129753 | Depths:4 | Bought a wand of paralysis (11) for 260 gold pieces
129753 | Depths:4 | Bought a wand of paralysis (9) for 220 gold pieces
129753 | Depths:4 | Bought a wand of iceblast (12) for 320 gold pieces
129753 | Depths:4 | Bought a wand of paralysis (12) for 280 gold pieces
130037 | Vaults:3 | Bought a wand of digging (6) for 208 gold pieces
130037 | Vaults:3 | Bought a potion of curing for 78 gold pieces
130368 | Elf:2    | Bought a translucent short sword for 352 gold pieces
130368 | Elf:2    | Identified the +4 short sword "Mirusiraomm" {pierce, rC+ MR+ Stlth+} (You bought it in a shop on level 2 of the Elven Halls)
130472 | Orc:2    | Bought a slimy dagger for 168 gold pieces
130472 | Orc:2    | Identified the +4 dagger "Nugepume" {elec, *Drain rN+++ MR- Stlth+} (You bought it in a shop on level 2 of the Orcish Mines)
130473 | Orc:2    | Bought an iridescent scimitar for 216 gold pieces
130473 | Orc:2    | Identified the +1 scimitar of Thoughtfulness {slice, Fragile rF+ Int+4} (You bought it in a shop on level 2 of the Orcish Mines)
130953 | Vaults:3 | Bought a runed double sword for 468 gold pieces
131511 | Zot:1    | Entered Level 1 of the Realm of Zot
131533 | Zot:1    | Reached skill level 1 in Long Blades
131771 | Depths:5 | Reached skill level 2 in Long Blades
131961 | Zot:1    | Reached skill level 3 in Long Blades
132262 | Zot:1    | Reached skill level 4 in Long Blades
132391 | Zot:1    | Reached skill level 5 in Long Blades
132691 | Zot:1    | HP: 30/124 [death cob (18)]
132694 | Zot:1    | Reached skill level 6 in Long Blades
133376 | Zot:2    | Reached skill level 7 in Long Blades
133410 | Zot:1    | HP: 37/124 [tentacled monstrosity (3)]
134431 | Zot:1    | Reached skill level 8 in Long Blades
135230 | Zot:2    | HP: 33/124 [shadow dragon (5)]
135452 | Zot:2    | Reached skill level 9 in Long Blades
135841 | Zot:2    | Reached XP level 27. HP: 121/128 MP: 39/42
135850 | Zot:2    | Reached skill level 10 in Long Blades
135879 | Zot:2    | HP: 36/128 [green draconian] (6)]
135884 | Zot:2    | HP: 26/128 [poisoned by a green draconian (poison gas)]
135889 | Zot:3    | HP: 21/128 [poisoned by a green draconian (poison gas)]
135894 | Zot:3    | HP: 18/128 [poisoned by a green draconian (poison gas)]
135899 | Zot:3    | HP: 16/128 [poisoned by a green draconian (poison gas)]
135906 | Zot:3    | HP: 15/128 [poisoned by a green draconian (poison gas)]
135913 | Zot:3    | HP: 15/128 [poisoned by a green draconian (poison gas)]
135921 | Zot:3    | HP: 16/128 [poisoned by a green draconian (poison gas)]
137063 | Zot:3    | Found a runed gate.
137063 | Zot:3    | Found a runed gate.
137063 | Zot:3    | Found a runed gate.
137068 | Zot:3    | Noticed stickyfingers's ghost (master DEGl)
137069 | Zot:3    | Found the ring of Robustness {AC+8}
137078 | Zot:3    | Noticed an ancient lich
137099 | Zot:3    | Noticed an ancient lich
137110 | Zot:3    | You fall through a shaft!
137128 | Zot:4    | HP: 25/128 [death cob (15)]
137128 | Zot:4    | HP: 6/128 [death cob (11)]
137128 | Zot:4    | Slain by a purple draconian

Vault maps used:
D:1:      lemuel_arrival_funnel
D:2:      led_sif_pool, chequers_ecumenical_altar_simple_redux, hex_medium,
          uniq_terence
D:3:      grunt_dithmenos_smoke, serial_co_window_serial, co_window_corner_a,
          co_window_corner_a, co_window_paths_a, co_window_of_opportunity_a,
          co_window_corner_a, co_window_corner_ca, co_window_corner_cb,
          co_window_broadway_a, co_window_unsneaky_path_a, co_window_broadway_b,
          glass_columns_a, glass_columns_a, glass_columns_c, first_ration,
          gammafunk_ghost_grave
D:4:      makhleb_grotto_becter, minmay_temple_entry_butterflies
D:5:      uniq_crazy_yiuf_cottage
D:6:      grunt_qazlal_clouds
D:7:      ashenzari_altar_1, kennysheep_mini, grunt_livestock
D:8:      old_standard_altar, basic_altar, dk_yredelemnul_ordeal
D:9:      xom_butterflies, lair_entry_dummy, orc_0_dummy
D:10:     uniq_nergalle
D:11:     minmay_firetagon, uniq_fannar, uniq_gastronok
D:12:     gammafunk_ghost_arena
D:13:     nzn_motion_control, uniq_nessos
D:14:     grunt_vaults_entry_tiered, basic_altar, hangedman_decor_lopped,
          uniq_kirke, uniq_snorg, uniq_sonja
D:15:     gammafunk_depths_entry_grave, minmay_misc_feat_columns
Lair:1:   portal_ice_cave_entry_pillars_2, beast_lair_carwin_3,
          serial_bayou_shore_b, grunt_megastairs_4
Lair:2:   minmay_swamp_entry_reptiles, spider_nest_entry_rubble,
          grunt_forest_large_clearings
Lair:3:   regret_index_tunnel_blossom, serial_bayou_shore_b, lemuel_fruit_tree
Lair:5:   onia_ninara_swampy_vault, lab_entry_generic, beast_lair_carwin_9
Lair:6:   minmay_lair_end_frog_pond, slime_altar_1, minmay_lair_oklob_chamber
Swamp:1:  evilmike_swamp_ruin_house_2, uniq_donald
Swamp:2:  evilmike_swamp_ruin_rubble_1
Swamp:3:  basic_altar, uniq_roxanne, uniq_louise
Swamp:4:  swamp_icy, infiniplex_staircase_pool_2
Spider:3: guppyfry_spider_mini_3
Spider:4: grunt_spider_rune_circles, uniq_nikola
Orc:1:    bh_open_orc_temple, uniq_maurice
Orc:2:    grunt_orc_gardens, grunt_orc_garden, grunt_orc_garden,
          grunt_orc_garden, grunt_orc_garden, special_room,
          nicolae_orc_lava_room
Elf:1:    elf_arrival_001, hangedman_elf_represent, uniq_azrael
Elf:2:    serial_shops, nicolae_shop_overgrown_old_shop, basic_altar,
          portal_desolation_entry_nicolae_slug, st_stairs_7, guppyfry_elf_lava,
          uniq_agnes
Elf:3:    grunt_elf_hall_diamonds
Vaults:1: ontoclasm_vaults_tryst, nicolae_vaults_what_the_h,
          nicolae_vaults_alarming, grunt_vaults_hallway_short, uniq_aizul
Vaults:2: hangedman_vaults_stretched_pinwheel, v_misc_11, v_pattern_1,
          nicolae_vaults_shelves_hall, blue_anna_dwarven_crypt,
          dpeg_vaults_monster_box, v_alt_pattern_3, ontoclasm_vaults_pinch,
          vaults_dpeg_hooks, vaults_room_pool, hangedman_vaults_trim
Vaults:3: nicolae_vaults_little_squares_2, v_misc_28, vaults_mumra_lcd,
          ontoclasm_vaults_hangar, v_pattern_3, nicolae_vaults_shelves_hall,
          hangedman_vaults_stretched_pinwheel, vaults_room_semicircle,
          nicolae_vaults_mini_display_case, grunt_vaults_hallway_short,
          vaults_room_glass_cross, ontoclasm_vaults_shuriken, serial_shops,
          nicolae_shop_behind_doors, shop_statue, shop, uniq_asterion
Vaults:4: v_misc_3, v_misc_10, nicolae_vaults_gold_heap, v_misc_29, v_misc_16,
          vaults_room_ringed_pool, vaults_room_pool, v_pattern_4,
          nicolae_vaults_network_barrier, v_misc_26, v_misc_14,
          nicolae_vaults_holding_cells, vaults_room_mumra_shop_pool, uniq_boris
Vaults:5: serial_shops
Crypt:1:  uniq_sojobo
Crypt:2:  uniq_margery
Crypt:3:  quadcrypt_mu
Depths:1: evilmike_pillar_path, hangedman_glass_teeth, grunt_hell_entry_dis_old,
          spider_trap, hangedman_cracks_in_the_wall
Depths:2: hangedman_cross_veins, enter_ziggurat_b, enter_trove_6, tso_altar,
          grunt_mini_vestibule
Depths:3: hangedman_pleasuredromes, pan_entry, hell_entry, uniq_xtahua
Depths:4: minmay_concentric_multi, abyss_entry, hell_entry,
          nicolae_two_hexagons, minmay_shop_grove, uniq_mara
Depths:5: grunt_zot_entry_bicorn, grunt_pan_entry_zigzag, gammafunk_ghost_split,
          pf_hell_entry_tar_river, minmay_misc_feat_chi
Zot:3:    grunt_deathspiral_small, gammafunk_ghost_necromancy
Zot:4:    basic_altar
Abyss:2:  evilmike_abyss_exit_kraken, evilmike_abyss_exit_chaos
IceCv:    ice_cave_small_giant

Skill      XL: |  1  2  3  4  5  6  7  8  9 10 11 12 13 14 15 16 17 18 19 20 21 22 23 24 25 26 27 |
---------------+----------------------------------------------------------------------------------+-----
Short Blades   | 4 5 6 8 9 10 11 13 14 | 14.0
Bows           | 3 5 8 11 13 14 17 20 21 22 25 26 27 | 27.0
Stealth        | 6 10 13 16 18 20 21 22 27 | 27.0
Evocations     | 5 8 11 13 14 18 20 21 22 24 25 27 | 27.0
Throwing       | 8 13 | 13.5
Long Blades    | 9 10 | 10.6
Fighting       | |  1.5
Dodging        | |  3.6

Action                   |  1- 3 |  4- 6 |  7- 9 | 10-12 | 13-15 | 16-18 | 19-21 | 22-24 | 25-27 || total
-------------------------+-------+-------+-------+-------+-------+-------+-------+-------+-------++-------
Melee: Rapier            |    23 |       |       |       |       |       |    27 |       |       ||    50
       Dagger            |    67 |   261 |   344 |   429 |   750 |   490 |   122 |   101 |   212 ||  2776
       Longbow           |       |       |       |       |       |     1 |     3 |       |       ||     4
       Falchion          |       |       |       |       |       |    34 |   115 |       |       ||   149
       Demon blade       |       |       |       |       |       |       |       |       |   193 ||   193
 Fire: Shortbow          |       |    18 |   179 |  1141 |   507 |       |       |       |       ||  1845
       Longbow           |       |       |       |       |  1347 |  2333 |  2277 |  2810 |  1521 || 10288
       Blowgun           |       |       |       |       |       |     2 |       |       |       ||     2
Throw: Stone             |       |     8 |    28 |     3 |    41 |     8 |       |       |       ||    88
       Throwing net      |       |       |       |       |       |       |     2 |     6 |       ||     8
 Abil: Evoke Blink       |       |       |       |       |       |     1 |       |     6 |     2 ||     9
       Evoke Invisibilit |       |       |       |       |       |       |     4 |    13 |    15 ||    32
Evoke: Wand              |       |       |       |     6 |     6 |    63 |    25 |    22 |    13 ||   135
       Sack of spiders   |       |       |       |       |       |     3 |     4 |       |       ||     7
       Lamp of fire      |       |       |       |       |       |       |     2 |     2 |     1 ||     5
       Horn of Geryon    |       |       |       |       |       |       |       |     3 |     1 ||     4
       Phial of floods   |       |       |       |       |       |       |       |     1 |       ||     1
  Use: Scroll            |       |     2 |     8 |     3 |    24 |    22 |    16 |    14 |    24 ||   113
       Potion            |       |       |       |     5 |     3 |     5 |     4 |     7 |     5 ||    29
 Stab: Sleeping          |     2 |       |       |     2 |     7 |     5 |     8 |     1 |     1 ||    26
       Confused          |       |       |       |       |       |     2 |       |       |       ||     2
       Held in net/web   |       |       |       |       |       |     1 |     2 |     5 |       ||     8
       Invisible         |       |       |       |       |       |       |    14 |    36 |    64 ||   114
       Distracted        |       |       |       |       |       |       |     2 |       |       ||     2
       Betrayed ally     |       |       |       |       |       |       |     1 |       |       ||     1
       Petrified         |       |       |       |       |       |       |       |     1 |       ||     1
       Paralysed         |       |       |       |       |       |       |       |       |     2 ||     2
  Eat: Chunk             |       |     8 |    11 |    26 |    54 |    48 |    41 |    48 |    41 ||   277
       Ration            |       |     1 |     1 |     2 |     4 |     8 |     9 |    11 |     8 ||    44
Armor: Leather armour    |    22 |    10 |       |       |       |       |       |       |       ||    32
       Ring mail         |       |    79 |   113 |   221 |       |       |       |       |       ||   413
       Swamp dragon scal |       |       |       |    73 |   456 |    54 |       |       |       ||   583
       Steam dragon scal |       |       |       |       |    20 |    25 |       |       |       ||    45
       Plate armour      |       |       |       |       |       |   619 |   626 |   590 |   479 ||  2314
       Troll leather arm |       |       |       |       |       |     1 |       |       |       ||     1
Dodge: Dodged            |    48 |    97 |   148 |   391 |   647 |   691 |   675 |   754 |   524 ||  3975
Block: Other             |       |       |       |       |       |       |    65 |       |       ||    65
       Reflection        |       |       |       |       |       |       |     5 |       |       ||     5
       Rpst.: Falchion   |       |       |       |       |       |     4 |    15 |       |       ||    19
       Demon blade       |       |       |       |       |       |       |       |       |    26 ||    26

Table legend:
 A = Spawn XP
 B = Non-spawn XP
 C = Spawn XP percentage of total XP
 D = Spawn monster count
 E = Non-spawn monster count
 F = Spawn count percentage of total count
 G = Total turns spent on level
                    A         B        C        D         E        F      G
               +---------+---------+-------+---------+---------+-------+---------
         Total |    5429 | 1508196 |   0.4 |      14 |    2652 |   0.5 | 137128
               +---------+---------+-------+---------+---------+-------+---------
           D:1 |       0 |      38 |   0.0 |       0 |      20 |   0.0 |   938
           D:2 |       0 |     119 |   0.0 |       0 |      25 |   0.0 |  1094
           D:3 |       0 |     325 |   0.0 |       0 |      26 |   0.0 |  1926
           D:4 |       0 |     658 |   0.0 |       0 |      31 |   0.0 |  1279
           D:5 |       0 |     833 |   0.0 |       0 |      20 |   0.0 |  1120
           D:6 |       0 |     494 |   0.0 |       0 |       8 |   0.0 |  1065
           D:7 |       0 |    2166 |   0.0 |       0 |      41 |   0.0 |  1701
           D:8 |       0 |    3024 |   0.0 |       0 |      38 |   0.0 |  1711
           D:9 |       0 |    6540 |   0.0 |       0 |      41 |   0.0 |  4543
          D:10 |       0 |    3378 |   0.0 |       0 |      12 |   0.0 |  2122
          D:11 |       0 |   13975 |   0.0 |       0 |      45 |   0.0 |  2545
          D:12 |       0 |    6072 |   0.0 |       0 |      40 |   0.0 |  2005
          D:13 |       0 |    9923 |   0.0 |       0 |      37 |   0.0 |  2128
          D:14 |       0 |   23043 |   0.0 |       0 |      57 |   0.0 |  3836
          D:15 |       0 |   20674 |   0.0 |       0 |      43 |   0.0 |  2675
        Lair:1 |       0 |    4469 |   0.0 |       0 |      26 |   0.0 |  2802
        Lair:2 |       0 |   15238 |   0.0 |       0 |      68 |   0.0 |  4213
        Lair:3 |       0 |   10265 |   0.0 |       0 |      59 |   0.0 |  2586
        Lair:4 |       0 |    6525 |   0.0 |       0 |      29 |   0.0 |  2219
        Lair:5 |       0 |   11079 |   0.0 |       0 |      40 |   0.0 |  2899
        Lair:6 |       0 |   26665 |   0.0 |       0 |      89 |   0.0 |  2789
       Swamp:1 |       0 |   15276 |   0.0 |       0 |      27 |   0.0 |  1580
       Swamp:2 |       0 |   10051 |   0.0 |       0 |      30 |   0.0 |  1179
       Swamp:3 |       0 |   16249 |   0.0 |       0 |      34 |   0.0 |  1676
       Swamp:4 |       0 |   14447 |   0.0 |       0 |      51 |   0.0 |  1332
      Spider:1 |       0 |   15394 |   0.0 |       0 |      50 |   0.0 |  1370
      Spider:2 |       0 |   18777 |   0.0 |       0 |      57 |   0.0 |  1880
      Spider:3 |       0 |   13058 |   0.0 |       0 |      41 |   0.0 |  2965
      Spider:4 |       0 |   37149 |   0.0 |       0 |      84 |   0.0 |  1894
         Orc:1 |       0 |    8449 |   0.0 |       0 |      60 |   0.0 |  1699
         Orc:2 |       0 |    8541 |   0.0 |       0 |      35 |   0.0 |  2454
         Elf:1 |       0 |   16672 |   0.0 |       0 |      27 |   0.0 |  2189
         Elf:2 |       0 |   18488 |   0.0 |       0 |      37 |   0.0 |  1545
         Elf:3 |       0 |   54540 |   0.0 |       0 |      52 |   0.0 |  1805
      Vaults:1 |       0 |   26975 |   0.0 |       0 |      58 |   0.0 |  4346
      Vaults:2 |       0 |   46009 |   0.0 |       0 |      68 |   0.0 |  4627
      Vaults:3 |       0 |   36576 |   0.0 |       0 |      49 |   0.0 |  3466
      Vaults:4 |       0 |   61023 |   0.0 |       0 |      77 |   0.0 |  2895
      Vaults:5 |       0 |  136455 |   0.0 |       0 |     109 |   0.0 |  3996
       Crypt:1 |       0 |   37219 |   0.0 |       0 |      39 |   0.0 |  2559
       Crypt:2 |       0 |   38029 |   0.0 |       0 |      47 |   0.0 |  1493
       Crypt:3 |       0 |   70739 |   0.0 |       0 |      78 |   0.0 |  3304
      Depths:1 |       0 |   81526 |   0.0 |       0 |     110 |   0.0 |  5179
      Depths:2 |       0 |   61559 |   0.0 |       0 |      71 |   0.0 |  2179
      Depths:3 |       0 |  108787 |   0.0 |       0 |     100 |   0.0 |  5333
      Depths:4 |       0 |   64912 |   0.0 |       0 |      54 |   0.0 |  3946
      Depths:5 |       0 |   93400 |   0.0 |       0 |      97 |   0.0 |  3143
          Hell |       0 |   65192 |   0.0 |       0 |      90 |   0.0 |  4222
         Zot:1 |       0 |   42137 |   0.0 |       0 |      23 |   0.0 |  2736
         Zot:2 |       0 |   36870 |   0.0 |       0 |      23 |   0.0 |   863
         Zot:3 |       0 |   19924 |   0.0 |       0 |      12 |   0.0 |  1458
       Abyss:2 |    5429 |   11493 |  32.1 |      14 |      25 |  35.9 |  1198
         IceCv |       0 |   10269 |   0.0 |       0 |      36 |   0.0 |  3658
    Desolation |       0 |   46508 |   0.0 |       0 |     106 |   0.0 |  4562
               +---------+---------+-------+---------+---------+-------+---------
